 Dungeon Crawl Stone Soup version 0.31-a0-321-g19405a7a6a (webtiles) character file.

Game seed: 4396072151061337538

854 mdonais the Trooper (level 8, -2/57 HPs)
             Began as an Octopode Reaver on July 17, 2023.
             Was a Follower of Okawaru.
             Slain by an iguana (15 damage)
             ... on level 6 of the Dungeon.
             The game lasted 00:18:55 (5816 turns).

mdonais the Trooper (Octopode Reaver)               Turns: 5816, Time: 00:18:55

Health: -2/57      AC:  1    Str: 11    XL:     8   Next: 1%
Magic:  11/11      EV: 13    Int: 15    God:    Okawaru [*.....]
Gold:   391        SH:  5    Dex: 13    Spells: 4/11 levels left

rFire   . . .        a - +4 dagger (flame)
rCold   + . .        H - +0 buckler
rNeg    . . .        (helmet currently unavailable)
rPois   .            (no amulet)
rElec   .            J - ring of wizardry
rCorr   .            (no ring)
SInv    .            (no ring)
Will    .....        (no ring)
Stlth   +++          (no ring)
HPRegen 0.29/turn    (no ring)
MPRegen 0.12/turn    (no ring)
                     (no ring)

%: wizardry (x1)
@: beast-form
A: beast (slay +0), almost no armour, amphibious, 8 rings, camouflage 1,
gelatinous body 1, (nimble swimmer 1), tentacles, antennae 1, cold resistance 1
a: Begin Untransformation, Renounce Religion, Heroism


You were on level 6 of the Dungeon.
You worshipped Okawaru.
Okawaru was aware of your devotion.
You were a hulking beast.
You visited 2 branches of the dungeon, and saw 7 of its levels.

You collected 391 gold pieces.

Inventory:

Hand Weapons
 a - a +4 dagger of flaming (weapon)
   (You took it off a kobold on level 2 of the Dungeon)
 b - a +0 shortbow
   (You took it off a centaur on level 6 of the Dungeon)
 p - a +0 scimitar
   (You found it on level 2 of the Dungeon)
 C - a +1 dagger of venom
   (You found it on level 4 of the Dungeon)
 G - a +0 rapier
   (You found it on level 4 of the Dungeon)
Missiles
 n - 38 poisoned darts
 t - 5 boomerangs
 v - 5 javelins (quivered)
 F - a curare-tipped dart
Armour
 H - a +0 buckler (worn)
   (You found it on level 6 of the Dungeon)
Magical Staves
 j - a staff of conjuration
   (You found it on level 1 of the Dungeon)
 w - a staff of death
   (You found it on level 3 of the Dungeon)
Jewellery
 J - a ring of wizardry (left tentacle)
   (You found it on level 6 of the Dungeon)
Talismans
 i - a beast talisman
   (You found it on level 1 of the Dungeon)
 r - a serpent talisman
   (You found it on level 2 of the Dungeon)
Wands
 I - a wand of iceblast (11)
   (You found it on level 6 of the Dungeon)
Scrolls
 c - 2 scrolls of noise
 e - 2 scrolls of revelation {unknown}
 g - 4 scrolls of fog
 h - 2 scrolls of vulnerability
 m - a scroll of poison
 x - 3 scrolls of immolation
 z - 2 scrolls of enchant armour {unknown}
 E - a scroll of summoning {unknown}
 K - a scroll of enchant weapon {unknown}
 L - a scroll of fear {unknown}
 T - a scroll of teleportation
Potions
 d - 2 potions of heal wounds {unknown}
 f - 2 potions of degeneration {unknown}
 k - 2 potions of brilliance
 l - a potion of might
 o - 3 potions of attraction {unknown}
 q - a potion of lignification
 s - 2 potions of curing {unknown}
 u - a potion of enlightenment {unknown}
 y - a potion of ambrosia
 A - a potion of mutation
 B - a potion of berserk rage {unknown}
 D - 2 potions of haste {unknown}


   Skills:
 - Level 5.7 Fighting
 - Level 3.0 Long Blades
 - Level 3.7 Dodging
 - Level 4.0 Stealth
 + Level 3.5 Shields
 - Level 2.0 Spellcasting
 - Level 3.0 Conjurations
 - Level 1.0 Necromancy
 - Level 2.0 Translocations
 - Level 2.0 Air Magic


You had 4 spell levels left.
You knew the following spells:

 Your Spells              Type           Power      Damage    Failure   Level
a - Shock                 Conj/Air       36%        1d5       4%          1
b - Momentum Strike       Conj/Tloc      18%        3d8       7%          2
c - Kiss of Death         Conj/Necr      28%        2d7       6%          1
d - Swiftness             Air            7%         N/A       16%         3

Your spell library contained the following spells:

 Spells                   Type           Power      Damage    Failure   Level
 Hailstorm                Conj/Ice       6%         3d4       21%         3
 Airstrike                Air            3%         2d(1-17)  45%         4
 Passage of Golubria      Tloc           7%         N/A       45%         4
 Yara's Violent Unravell  Hex/Tmut       0%         3d3       96%         5
 Tukima's Dance           Hex            Unusable   N/A       N/A         3

Dungeon Overview and Level Annotations

Branches:
Dungeon (6/15) Zot: 25578  Temple (1/1) D:4 Zot: 5987

Altars:
Ashenzari
Dithmenos
Elyvilon
Gozag
Hepliaklqana
Kikubaaqudgha
Makhleb
Nemelex Xobeh
Okawaru
Trog
Yredelemnul
Zin
The Shining One

Annotations:
D:3 Sigmund
D:5 exclusion: water moccasin, Dowan


Innate Abilities, Weirdness & Mutations

You are a hulking beast.
Your limbs bulge with bestial killing power. (Slay +0)
You cannot wear most types of armour.
You are amphibious.
You can wear up to eight rings at the same time.
Your skin changes colour to match your surroundings (Stealth+).
Your rubbery body absorbs attacks. (AC +1, EV +1)
((You are camouflaged when in or above water. (Stealth+)))
You have tentacles for arms and can constrict up to eight enemies at once.
You have a pair of small antennae on your head.
Your flesh is cold resistant. (rC+)


Message History

z - 2 scrolls labelled DIF UPLUORY (gained 1)
You open the door.
A hobgoblin and an orc come into view.
There are monsters nearby!
There is an open door here.
You barely miss the hobgoblin. Your grab misses the hobgoblin.
The hobgoblin hits you.
You take 1 damage, and have 56/57 hp.
You hit the hobgoblin. You burn the hobgoblin. You grab the hobgoblin.
The hobgoblin is heavily wounded.
You constrict the hobgoblin, but do no damage.
The hobgoblin hits you. The orc hits you with a +0 club.
You take 9 damage, and have 47/57 hp.
You hit the hobgoblin. You burn the hobgoblin.
You kill the hobgoblin!
Okawaru accepts your kill. You block the orc's attack.
You hit the orc. You burn the orc. You grab the orc. You squeeze the orc.
You kill the orc!
Okawaru accepts your kill.
No target in view!
No target in view!
No target in view!
No target in view!
No target in view!
Key pressed, stopping explore.
You see here a hobgoblin corpse.
You open the door.
There is an open door here.
You open the door.
Found a robe.
Health restored: 57 No target in view!
There is an open door here.
You see here a +0 robe.
As you open the door, it creaks loudly!
There is an open door here.
You open the door.
There is an open door here.
You see here a stone.
There is an open door here.
There is an open door here.
You sense a monster nearby.
You open the door.
A hobgoblin comes into view.
There is an open door here.
The helpless hobgoblin fails to defend itself.
You puncture the hobgoblin! You burn the hobgoblin.
You kill the hobgoblin!
Okawaru accepts your kill.
No target in view!
You open the door.
A hobgoblin comes into view.
Found a robe.
A hobgoblin is nearby!
There is an open door here.
The hobgoblin shouts!
The hobgoblin misses you.
You hit the hobgoblin but do no damage. You grab the hobgoblin.
You constrict the hobgoblin. You hit the hobgoblin. You burn the hobgoblin.
You kill the hobgoblin!
Okawaru accepts your kill.
No target in view!
No target in view!
There is an open door here.
You open the door.
A goblin comes into view. It is wielding a +0 club.
There is an open door here.
The helpless goblin fails to defend itself.
You impale the goblin!! You burn the goblin.
You kill the goblin!
Okawaru accepts your kill.
No target in view!
No target in view!
No target in view!
No target in view!
No target in view!
No target in view!
No target in view!
k - 2 potions of brilliance (gained 1)
There is an open door here.
There is an open door here.
There is an open door here.
You see here a +0 sling.
There is an open door here.
You sense a monster nearby.
You open the door.
A centaur, a shadow imp and an iguana come into view.
Found 15 gold pieces.
Found a stone staircase leading down.
Found 7 stones.
The iguana hisses angrily.
The shadow imp shouts, "Slither hence, thou unmuzzled dread-bolted lout!"
The centaur wields a +0 orcbow.
The centaur shoots an arrow.
The arrow closely misses you.
The shadow imp sputters.
The shadow imp barely misses you.
There is an open door here.
You closely miss the shadow imp. You grab the shadow imp.
You constrict the shadow imp. The shadow imp barely misses you.
The centaur shoots an arrow.
You block the arrow.
You release your grip on the shadow imp.
The shadow imp attacks as you move away!
The shadow imp hits you.
The centaur shoots an arrow.
The arrow hits you!
You take 17 damage, and have 40/57 hp.
MASSIVE DAMAGE!!
You block the shadow imp's attack.
You barely miss the shadow imp. Your grab misses the shadow imp.
You squeeze the shadow imp, but do no damage.
The shadow imp is lightly wounded.
The shadow imp closely misses you.
You hit the shadow imp. You burn the shadow imp.
Your grab misses the shadow imp. You squeeze the shadow imp.
The shadow imp is severely wounded.
You block the shadow imp's attack.
You barely miss the shadow imp. Your grab misses the shadow imp.
The shadow imp is severely wounded.
The shadow imp hits you.
You take 3 damage, and have 39/57 hp.
You closely miss the iguana. You grab the iguana. You constrict the iguana.
You block the shadow imp's attack. The iguana barely misses you.
You hit the iguana but do no damage.
The iguana is lightly wounded.
You constrict the iguana.
The shadow imp hits you but does no damage.
The iguana bites you.
You take 1 damage, and have 38/57 hp.
You hit the iguana but do no damage.
The iguana is lightly wounded.
You constrict the iguana. The shadow imp hits you. The iguana bites you!
You take 17 damage, and have 21/57 hp.
MASSIVE DAMAGE!!
You hit the iguana. You burn the iguana. You tentacle-slap the iguana.
You squeeze the iguana.
The iguana is almost dead.
You constrict the iguana, but do no damage.
The shadow imp barely misses you. The iguana bites you!
* * * LOW HITPOINT WARNING * * *
You take 8 damage, and have 13/57 hp.
You barely miss the iguana.
You squeeze the iguana, but do no damage.
The iguana is almost dead.
You constrict the iguana, but do no damage.
The shadow imp hits you.
* * * LOW HITPOINT WARNING * * *
You block the iguana's attack.
You take 1 damage, and have 12/57 hp.
You hit the iguana but do no damage.
The iguana is almost dead.
You constrict the iguana. The shadow imp closely misses you.
The iguana bites you!
You die...

#.).....#....#####'#..#'#
#.......#....#..#..#'##.[
#.....>.#....#.)'..#.)#..
#.......#....#))####..###
#.......#....#'##..####..
##.....##................
##...(. #....##..(.<.#..#
#$.....##....##..)..)....
#......#h............####
#...l.>#5l...........#
#......'c...[..<.....#
######################


You could see a centaur, an iguana and a shadow imp.

Vanquished Creatures
  An orc warrior (D:5)
  A sky beast (D:5)
  An ogre (D:6)
  A centaur (D:6)
  2 kobold brigands (D:6)
  A howler monkey (D:4)
  An iguana (D:5)
  A jelly (D:4)
  A sleepcap (D:4)
  An orc wizard (D:4)
  5 adders
  A gnoll (D:6)
  A shadow imp (D:5)
  2 white imps
  3 ufetubi
  2 dart slugs (D:2)
  19 orcs
  4 bats
  7 endoplasms
  9 goblins
  10 hobgoblins
  3 jackals (D:3)
  3 quokkas
  6 ball pythons
  3 frilled lizards
  29 kobolds
  3 rats
121 creatures vanquished.

Notes
Turn   | Place    | Note
-------+----------+-------------------------------------------
     0 | D:1      | mdonais the Octopode Reaver began the quest for the Orb.
     0 | D:1      | Reached XP level 1. HP: 14/14 MP: 3/3
    40 | D:1      | Reached skill level 1 in Stealth
   124 | D:1      | Reached XP level 2. HP: 18/19 MP: 5/5
   127 | D:1      | Learned a level 2 spell: Momentum Strike
   437 | D:2      | Reached skill level 1 in Translocations
   561 | D:2      | Reached XP level 3. HP: 22/24 MP: 6/6
  1461 | D:3      | Noticed Sigmund
  2252 | D:4      | Reached XP level 4. HP: 5/29 MP: 2/7
  2362 | D:4      | Reached skill level 3 in Fighting
  2417 | D:4      | Found a staircase to the Ecumenical Temple.
  2428 | Temple   | Entered the Ecumenical Temple
  2435 | Temple   | Became a worshipper of Warmaster Okawaru
  2456 | D:4      | Reached XP level 5. HP: 37/37 MP: 8/8
  2512 | D:4      | Reached skill level 4 in Fighting
  3182 | D:4      | Learned a level 1 spell: Shock
  3192 | D:5      | Entered Level 5 of the Dungeon
  3251 | D:5      | Reached XP level 6. HP: 41/44 MP: 0/9
  3621 | D:5      | Found a sparkling altar of Nemelex Xobeh.
  3656 | D:5      | Found an opulent altar of Gozag.
  3725 | D:5      | Noticed a water moccasin
  3822 | D:5      | Noticed Dowan
  4396 | D:6      | Noticed an orc warrior
  4403 | D:5      | Killed an orc warrior
  4404 | D:5      | Reached skill level 5 in Fighting
  4404 | D:5      | Reached skill level 1 in Necromancy
  4404 | D:5      | Reached skill level 1 in Air Magic
  4642 | D:6      | Noticed a sky beast
  4655 | D:5      | Killed a sky beast
  4656 | D:5      | Reached XP level 7. HP: 25/50 MP: 8/10
  4660 | D:5      | Learned a level 3 spell: Swiftness
  4942 | D:5      | Gained mutation: You have a pair of small antennae on your
                  | head. [potion of mutation]
  4942 | D:5      | Gained mutation: Your flesh is cold resistant. (rC+)
                  | [potion of mutation]
  5164 | D:6      | Reached * piety under Okawaru
  5332 | D:6      | Reached skill level 1 in Shields
  5591 | D:6      | Reached XP level 8. HP: 46/57 MP: 11/11
  5816 | D:6      | Slain by an iguana

Illustrated notes

Levels and vault maps discovered:
D:1:      heliophobic_arrival_ceremonial_halls, layout_rooms, fountainhead
D:2:      layout_basic, minmay_tall_x
D:3:      layout_basic, nicolae_overflow_hidden_temple, uniq_sigmund
D:4:      layout_cave_pools, minmay_temple_entry_crystal_x,
          minmay_misc_feat_four_crosses, minmay_misc_feat_cross
D:5:      layout_basic, nicolae_gozag_cash_rules_everything_around_me,
          overflow_temple_1_default, uniq_duvessa
D:6:      corexii_shantytown, layout_gridville
Temple:   minmay_freezing_vapour_temple

Skill      XL: |  1  2  3  4  5  6  7 |
---------------+----------------------+-----
Stealth        | 2 3 4 |  4.0
Translocations | 1 2 |  2.0
Fighting       | 3 4 5 |  5.7
Necromancy     | 1 |  1.0
Air Magic      | 1 2 |  2.0
Dodging        | 3 |  3.7
Shields        | 3 |  3.5
Long Blades    | |  3.0
Spellcasting   | |  2.0
Conjurations   | |  3.0

Action                     |  1- 3 |  4- 6 |  7- 9 || total
---------------------------+-------+-------+-------++-------
  Melee: Falchion          |    35 |       |       ||    35
         Constrict         |    18 |    19 |    14 ||    51
         Tentacles         |     6 |    16 |    11 ||    33
         Dagger            |    27 |    76 |    80 ||   183
         Scimitar          |     5 |       |       ||     5
         Punch             |     1 |       |     2 ||     3
  Throw: Javelin           |       |     7 |     3 ||    10
   Cast: Momentum Strike   |     1 |     5 |     4 ||    10
         Kiss of Death     |     1 |       |       ||     1
         Shock             |       |    19 |     9 ||    28
    Use: Potion            |       |     1 |     2 ||     3
         Scroll            |       |       |     8 ||     8
   Stab: Sleeping          |     9 |     2 |    14 ||    25
 Armour: Skin              |     5 |     6 |     3 ||    14
  Dodge: Dodged            |    40 |    78 |    40 ||   158
  Block: Buckler           |       |       |    10 ||    10
   Form: Beast             |     1 |       |       ||     1

Table legend: (Time is in decaauts)
 A = Elapsed time spent in this place.
 B = Non-inter-level travel time spent in this place.
 C = Inter-level travel time spent in this place.
 D = Time resting spent in this place.
 E = Time spent auto-exploring this place.
 F = Levels seen in this place.
 G = Mean time per level.
                   A        B        C        D        E       F      G
               +--------+--------+--------+--------+--------+-----+--------+
         Total |   5817 |   5549 |    268 |    731 |   3783 |   7 |  831.0 |
       Dungeon |   5804 |   5541 |    263 |    731 |   3783 |   6 |  967.3 |
        Temple |     12 |      7 |      5 |      0 |      0 |   1 |   12.0 |
               +--------+--------+--------+--------+--------+-----+--------+

Top non-repeatable levels by time:
     D:5: 1922 daAuts
     D:4: 937 daAuts
     D:2: 915 daAuts
     D:3: 902 daAuts
     D:6: 702 daAuts
     D:1: 425 daAuts
  Temple: 12 daAuts
